 Dungeon Crawl Stone Soup version 0.30-a0-696-g2367cd04db (console) character file.

Game seed: 10098453934024982898

526274 jejorda2 the Phalangite (level 25, -14/216 HPs)
             Began as a Merfolk Berserker on Jan 20, 2023.
             Was a High Priest of Trog.
             Killed from afar by Boris (45 damage)
             ... with an iron shot
             ... on level 5 of the Vaults on Jan 21, 2023.
             The game lasted 03:15:11 (67041 turns).

jejorda2 the Phalangite (Merfolk Berserker)        Turns: 67041, Time: 03:15:12

Health: -14/216    AC: 46    Str: 27    XL:     25   Next: 3%
Magic:  1/32       EV: 21    Int:  8    God:    Trog [*****.]
Gold:   1922       SH:  0    Dex: 15    Spells: 24/24 levels left

rFire   + + +      SeeInvis +    a - +5 Lochaber axe {reach-cleave, Poleaxe Drain}
rCold   + . .      Faith    +    (shield currently unavailable)
rNeg    + . .      Spirit   .    j - +12 crystal plate armour of Focus {rF+ rCorr SInv}
rPois   +          Reflect  .    b - +1 hat "Otinkeri" {Str+3}
rElec   +          Harm     .    h - scarf {rC+ rF+}
rCorr   +          Rampage  .    C - +2 pair of gloves {infuse}
Will    +....                    U - +1 pair of boots "Bepsumiv" {rF+} Stlth
                                 l - amulet "Moicit" {Faith rPois SInv}
HPRegen 0.56/turn                p - ring of positive energy
MPRegen 0.23/turn                G - ring of the Wicked Sultana {rElec rCorr MP+9 EV+5 Str-2}

@: on berserk cooldown, slowed, studying Throwing, very slow
A: (nimble swimmer 2), mertail, antennae 1, iridescent scales 1
}: 4/15 runes: barnacled, slimy, silver, gossamer
a: Renounce Religion, Berserk, Trog's Hand, Brothers in Arms


You were on level 5 of the Vaults.
You worshipped Trog.
Trog was extremely pleased with you.
You visited 9 branches of the dungeon, and saw 45 of its levels.
You visited the Abyss 3 times.
You also visited: Trove, Bailey and Gauntlet.

You collected 7321 gold pieces.
You spent 5399 gold pieces at shops.

Inventory:

Hand Weapons
 a - the +5 Lochaber axe (weapon) {reach-cleave, Poleaxe Drain}
   (You found it in a Gauntlet)

   Poleaxe:   It uses either Axes or Polearms skill, whichever is higher.
   Drain:     It drains your maximum health when unequipped.
Missiles
 c - 55 poisoned darts
 m - 33 boomerangs (quivered)
 x - 24 javelins
 y - 3 silver javelins
 D - 4 silver boomerangs
 L - 17 atropa-tipped darts
 M - 11 curare-tipped darts
 N - 4 throwing nets
 W - 6 datura-tipped darts
 Z - 3 boomerangs of dispersal
Armour
 b - the +1 hat "Otinkeri" (worn) {Str+3}
   (You found it on level 2 of the Orcish Mines)

   Str:       It affects your strength (+3).
 h - a scarf of resistance (worn)
 j - the +12 crystal plate armour of Focus (worn) {rF+ rCorr SInv}
   (You found it on level 5 of the Vaults)

   rF:        It protects you from fire.
   SInv:      It lets you see invisible.
   rCorr:     It protects you from acid and corrosion.
 C - a +2 pair of gloves of infusion (worn)
 U - the +1 pair of boots "Bepsumiv" (worn) {rF+}
   (You found it on level 3 of the Elven Halls)

   rF:        It protects you from fire.
Jewellery
 l - the amulet "Moicit" (around neck) {Faith rPois SInv}
   (You found it in a treasure trove)

   [amulet of faith]

   It allows you to gain divine favour quickly.
   rPois:     It protects you from poison.
   SInv:      It lets you see invisible.
 p - a ring of positive energy (left hand)
 G - the ring of the Wicked Sultana (right hand) {rElec rCorr MP+9 EV+5 Str-2}
   (You bought it in a shop on level 4 of the Vaults)

   [ring of evasion]

   EV:        It affects your evasion (+5).
   Str:       It affects your strength (-2).
   rElec:     It insulates you from electricity.
   MP:        It affects your magic capacity (+9).
   rCorr:     It protects you from acid and corrosion.
Wands
 n - a wand of roots (40)
 s - a wand of flame (88)
 w - a wand of polymorph (14)
 A - a wand of charming (37)
 E - a wand of digging (12)
 Q - a wand of acid (19)
 Y - a wand of mindburst (29)
Scrolls
 f - 6 scrolls of fear
 g - 11 scrolls of blinking
 r - 2 scrolls of silence
 u - 6 scrolls of poison
 v - 7 scrolls of magic mapping
 I - 10 scrolls of fog
 T - 4 scrolls of immolation
 V - 2 scrolls of summoning
 X - 12 scrolls of teleportation
Potions
 e - 7 potions of ambrosia
 i - 13 potions of mutation
 o - 18 potions of curing
 t - 3 potions of invisibility
 z - 8 potions of haste
 B - 12 potions of flight
 F - 5 potions of resistance
 H - 6 potions of cancellation
 J - 8 potions of attraction
 S - 4 potions of might
Miscellaneous
 d - a condenser vane
 k - a phial of floods
 O - a tin of tremorstones (2/2)
 R - a lightning rod (4/4)


   Skills:
 + Level 21.8 Fighting
 - Level 26.5 Polearms
 * Level 18.9 Throwing
 * Level 17.2 Armour
 + Level 25.6 Dodging
 - Level 4.0 Stealth
 - Level 9.0 Evocations


You had 24 spell levels left.
You didn't know any spells.
Your spell library was empty.

Dungeon Overview and Level Annotations

Branches:
Dungeon (15/15)            Temple (0/1) D:4            Lair (5/5) D:10
 Shoals (4/4) Lair:2       Spider (4/4) Lair:3        Slime (5/5) Lair:5
    Orc (2/2) D:9             Elf (3/3) Orc:2        Vaults (5/5) D:13
  Crypt (0/3) Vaults:3     Depths (2/4) D:15         Bailey (visited)
Gauntlet (visited)

Altars:
Elyvilon
Fedhas
Hepliaklqana
Makhleb
Nemelex Xobeh
Okawaru
Qazlal
Ru
Trog
Wu Jian
Yredelemnul
Zin
The Shining One
Jiyva

Shops:
D:3 [   D:4 =   D:5 =   D:6 ?   D:9 =   D:10 !   D:13 *[!(   D:14 (
Orc:2 ?*[=?   Elf:1 ([*   Elf:3 *   Shoals:1 *   Vaults:2 :   Vaults:4 =(?[!
Vaults:5 !

Portals:
Hell: Depths:1 Depths:2
Abyss: Depths:1 Depths:2
Pandemonium: Depths:2
Bazaar: Elf:2

Annotations:
Shoals:2 1 runed translucent door, Foxy's ghost, adept KoBr
Vaults:5 Boris


Innate Abilities, Weirdness & Mutations

((You are very nimble when in or above water. (Stealth+, EV+, Speed+++)))
Your lower body shifts to a powerful aquatic tail in water.
You have a pair of small antennae on your head.
You are partially covered in iridescent scales. (AC +2)


Message History

Boris launches a ball of destructive magic.
The wavering orb of destruction weakly hits you but does no damage.
The deep elf sorcerer mumbles some strange words.
The deep elf sorcerer seems to speed up.
You completely miss Boris.
Boris is severely damaged.
You slice the deep elf sorcerer!!
You kill the deep elf sorcerer!
Trog accepts your kill.
Trog appreciates your killing of a magic user.
Your ogre rages.
Boris hits you.
* * * LOW HITPOINT WARNING * * *
Boris barely misses you.
You slice Boris!!
Boris is almost destroyed.
Boris misses you. Boris touches you but does no damage.
You barely miss Boris.
Boris is almost destroyed.
Boris launches a ball of destructive magic.
The wavering orb of destruction weakly hits your ogre!!
You slash Boris!
Boris is almost destroyed.
Boris barely misses you. Boris touches you but does no damage.
You hit Boris but do no damage.
Boris is almost destroyed.
Boris hits you but does no damage. Boris misses you.
You hit Boris.
Boris is almost destroyed.
Your ogre rages.
Boris says, "You can't kill me.
I'm immortal."
Boris launches a ball of destructive magic.
The wavering orb of destruction weakly hits your ogre!!
Your ogre is blown up!
Your ogre's corpse disappears in a puff of smoke!
You slash Boris!
Boris is almost destroyed.
Boris gestures at you while chanting. The iron shot hits you!!!
You die...

#.......... ....
#......... ....
#....... ....
#....#########
####
#.....†....... .
#..#.......... ..
#..#...#####..
##. #..#...#.∩§#
#. #..#...#§)@#
#.
#..#...##L##..##
#..#...[().....e.
#..#.............
#..#...##'##..###
#..#...#...#..#
#..#...#...# .#
#..#...#...# #
#..#...#####


You could see Boris (invisible).

Vanquished Creatures
  the Royal Jelly (Slime:5)
  Mennas (Vaults:5)
  Bai Suzhen (Vaults:2)
  Xtahua (Vaults:5)
  Saint Roka (Vaults:2)
  A profane servitor (Abyss:3)
  A bone dragon (Abyss:3)
  The ghost of jejorda2 the Fencer, an adept MfBe of Trog (Elf:2)
  5 tentacled monstrosities
  3 liches
  3 titans
  A shard shrike skeleton (Abyss:3)
  Asterion (Elf:3)
  17 acid blobs
  4 deep elf blademasters
  A quicksilver dragon (Vaults:5)
  2 deep elf master archers (Elf:3)
  The ghost of Diamem the Thaumaturge, an adept GnHW of Ashenzari (Lair:4)
  3 tentacled starspawn (Abyss:3)
  2 sphinxes
  Frances (Shoals:1)
  2 krakens
  Kirke (Lair:4)
  A shadow dragon (Vaults:5)
  Donald (Spider:1)
  3 tengu reavers
  11 rockslimes
  7 emperor scorpions
  4 azure jellies (Slime:5)
  2 iron dragons (Vaults:5)
  6 fire giants
  6 frost giants
  8 ghost moths
  Aizul (Vaults:1)
  9 deep elf sorcerers
  6 deep elf elementalists (Elf:3)
  5 orc warlords
  13 vault wardens
  A caustic shrike zombie (Depths:1)
  2 spriggan defenders (Depths:2)
  20 ironbound preservers
  18 very ugly things
  A balrug (Abyss:3)
  6 quicksilver oozes (Slime:5)
  4 vampire knights (Depths:2)
  7 stone giants
  6 war gargoyles
  5 ironbound thunderhulks
  3 broodmothers
  4 deep elf annihilators
  10 deep elf demonologists
  Azrael (Elf:2)
  10 spark wasps
  8 dire elephants
  A minotaur (Gauntlet)
  A blizzard demon (Abyss:3)
  5 deep elf death magi
  4 deep elf high priests
  A crystal guardian (Vaults:4)
  5 merfolk javelineers
  The ghost of olddryhag the Carver, a journeyman DsGl (Lair:3)
  7 ettins
  Josephine (D:11)
  11 yaktaur captains
  8 great orbs of eyes
  6 entropy weavers
  Fannar (D:11)
  3 fire dragons
  9 merfolk impalers
  The ghost of NinjaNoafa the Spry, a journeyman FeSu of Gozag (Orc:1)
  8 hydras
  Erolcha (D:12)
  4 ice dragons
  39 vault guards
  3 merfolk avatars (Shoals:3)
  A peacekeeper (Vaults:4)
  4 ogre magi
  A catoblepas (Shoals:2)
  An alligator snapping turtle (Shoals:4)
  14 ironbound frosthearts
  A spriggan air mage (Depths:1)
  11 boulder beetles
  5 radroaches
  9 centaur warriors
  2 satyrs (Shoals:3)
  A death knight (D:14)
  5 tengu warriors
  2 naga warriors (Elf:2)
  4 deep troll shamans
  4 merfolk aquamancers
  5 deep troll earth magi
  16 two-headed ogres
  A death scarab (Spider:1)
  24 dancing weapons
  8 thrashing horrors
  3 spriggan berserkers
  A storm dragon zombie (Depths:2)
  12 deep elf knights
  Nergalle (D:11)
  A shadow wraith (Vaults:5)
  4 iron trolls
  4 wretched stars (Abyss:3)
  5 skeletal warriors
  A sixfirhy (Abyss:3)
  6 pharaoh ants
  2 glowing orange brains
  13 large abominations (Abyss:3)
  2 golden dragon zombies (Depths:2)
  A sun moth (Spider:3)
  14 sea snakes
  A swamp dragon (Lair:5)
  56 deep trolls
  7 phantasmal warriors
  13 orb spiders
  6 steelbarb worms
  10 harpies
  10 orc knights
  9 lindwurms
  15 deep elf archers
  12 wizards
  34 deep elf zephyrmancers
  19 ironbound convokers
  5 necromancers
  A wolf spider (shapeshifter) (Vaults:5)
  34 deep elf pyromancers
  19 wolf spiders
  A sphinx skeleton (Depths:2)
  2 orc sorcerers
  2 oklob plants
  15 manticores
  5 shining eyes
  A frost giant zombie (Depths:1)
  An iron dragon skeleton (Depths:2)
  60 ugly things
  A worldbinder (Abyss:3)
  5 moths of wrath
  7 fauns (Shoals:3)
  7 cyclopes
  6 elephants (Lair:4)
  6 black mambas
  A stone giant skeleton (Depths:2)
  4 merfolk sirens
  An apocalypse crab (Abyss:3)
  9 water nymphs
  A centaur zombie (D:15)
  14 starcursed masses (Abyss:3)
  A naga mage (D:15)
  16 vault sentinels
  9 torpor snails
  A black mamba (shapeshifter) (D:13)
  A smoke demon (Abyss:3)
  Maggie (D:8)
  17 cane toads
  An orange demon (Abyss:3)
  2 centaur skeletons (D:15)
  16 demonic crawlers
  An eye of devastation (shapeshifter) (Vaults:1)
  Psyche (D:10)
  2 kobold demonologists (Bailey)
  An efreet (D:14)
  3 freezing wraiths
  A redback zombie (D:15)
  7 rime drakes
  4 komodo dragons
  3 tengu conjurers
  35 yaktaurs
  A silent spectre (Abyss:3)
  2 spriggan skeletons
  8 trolls
  4 tyrant leeches (Lair:5)
  6 meliai
  4 polar bears
  9 wind drakes
  An ancient zyme (Abyss:3)
  A queen bee (Lair:5)
  30 merfolk
  9 dream sheep
  A meliai (shapeshifter) (Abyss:3)
  A wind drake (shapeshifter) (Elf:2)
  13 hornets
  25 blink frogs
  A dream sheep (shapeshifter) (Vaults:5)
  30 tarantellas
  5 raiju (Abyss:3)
  28 jumping spiders
  12 snapping turtles
  A frost giant simulacrum (Depths:1)
  Sigmund (D:4)
  45 slime creatures
  25 culicivoras
  2 ynoxinuls (Abyss:3)
  A meliai zombie (D:15)
  20 water elementals
  6 air elementals
  A shadow (D:12)
  5 wyverns
  5 wraiths
  2 vampires (D:14)
  3 spriggans
  61 yaks
  6 basilisks
  3 fire elementals (Elf:2)
  4 steam dragons
  4 hogs (Lair:4)
  A golden eye (Slime:5)
  6 wargs
  A glowing shapeshifter zombie (Depths:2)
  45 redbacks
  A fire bat (Abyss:3)
  A neqoxec (Abyss:3)
  A spectral komodo dragon (Lair:4)
  A death yak simulacrum (Lair:3)
  A human zombie (Depths:1)
  4 acid dragons
  Duvessa (D:7)
  5 hydra simulacra
  7 water moccasins
  A hell hound (Elf:2)
  2 swamp drakes
  A meliai simulacrum (D:15)
  19 orc warriors
  An ice beast (D:5)
  A sky beast (D:7)
  2 black bears
  A black mamba simulacrum (Lair:3)
  An ice beast (shapeshifter) (Depths:2)
  A boulder beetle simulacrum (Lair:4)
  36 ogres
  8 boggarts
  9 wolves
  2 centaurs (D:6)
  4 kobold brigands
  2 phantoms
  2 gnoll sergeants
  A cane toad simulacrum (Lair:4)
  10 bullfrogs
  A scorpion (D:7)
  3 necrophages
  An earth elemental (Elf:1)
  15 wights
  A blink frog simulacrum (Lair:3)
  Dowan (D:7)
  10 small abominations
  15 killer bees
  A dream sheep simulacrum (Lair:4)
  2 howler monkeys
  10 electric eels
  A crimson imp (Orc:2)
  6 jellies
  A quasit (Abyss:3)
  7 orc priests
  A gnoll bouda (D:6)
  4 hounds
  2 iron imps
  Jessica (D:2)
  5 iguanas
  19 orc wizards
  A scorpion zombie (D:5)
  A basilisk simulacrum (Lair:3)
  4 hound zombies (D:5)
  19 gnolls
  7 adders
  2 shadow imps
  A white imp (Orc:2)
  3 ufetubi
  An adder zombie (D:5)
  3 dart slugs
  56 orcs
  6 ball pythons
  5 endoplasms
  4 giant cockroaches
  13 goblins
  13 hobgoblins
  4 jackals (D:3)
  5 quokkas
  3 bats
  5 frilled lizards
  17 kobolds
  5 rats
  3 starspawn tentacles (Abyss:3)
  3 tentacles
1932 creatures vanquished.

Vanquished Creatures (collateral kills)
  An ettin (Vaults:5)
  An ogre mage (Orc:2)
  A catoblepas (Shoals:2)
  A merfolk avatar (Shoals:2)
  2 two-headed ogres (Orc:2)
  Lodul (D:10)
  A manticore (Shoals:3)
  A merfolk siren (Shoals:3)
  A merfolk (Shoals:2)
  7 ogres
  A cane toad simulacrum (Lair:3)
  An elephant simulacrum (Lair:3)
19 creatures vanquished.

Vanquished Creatures (others)
  A fire giant (Depths:2)
  2 deep elf knights
  A deep elf zephyrmancer (Elf:2)
  A boggart (Vaults:1)
  2 orcs (Orc:2)
  2 demonic plants (Abyss:3)
  21 fungi
  84 plants
  7 starspawn tentacles (Abyss:3)
  6 tentacles
127 creatures vanquished.

Grand Total: 2078 creatures vanquished

Notes
Turn   | Place    | Note
-------+----------+-------------------------------------------
     0 | D:1      | jejorda2 the Merfolk Berserker began the quest for the Orb.
     0 | D:1      | Reached XP level 1. HP: 18/18 MP: 1/1
   229 | D:1      | Reached XP level 2. HP: 24/24 MP: 2/2
   583 | D:2      | Found a faded altar of an unknown god.
   588 | D:2      | Reached XP level 3. HP: 29/29 MP: 3/3
   673 | D:2      | Noticed Jessica
   705 | D:2      | Killed Jessica
   706 | D:2      | Reached skill level 5 in Polearms
   824 | D:2      | Reached XP level 4. HP: 37/37 MP: 4/4
   849 | D:2      | Reached ** piety under Trog
  1321 | D:3      | Found Loschyr's Antique Armour Shoppe.
  1329 | D:3      | Bought a helmet for 76 gold pieces
  1781 | D:3      | Identified the +0 dagger of Incongruity {flame, rF+ rC+
                  | MP+9 Str-4}
  1785 | D:3      | Found a white marble altar of Elyvilon.
  1873 | D:3      | Reached XP level 5. HP: 42/42 MP: 5/5
  2100 | D:4      | Noticed an ogre
  2134 | D:4      | Noticed a phantom
  2186 | D:4      | Killed a phantom
  2187 | D:4      | Reached skill level 6 in Polearms
  2237 | D:4      | Found a staircase to the Ecumenical Temple.
  2298 | D:4      | Reached XP level 6. HP: 20/49 MP: 6/6
  2542 | D:4      | Reached skill level 7 in Polearms
  2650 | D:4      | Reached skill level 5 in Dodging
  2664 | D:4      | Reached skill level 5 in Fighting
  2713 | D:4      | Found Midugyq's One-of-a-Kind Rings.
  2715 | D:4      | Found a hazy altar of Hepliaklqana.
  2726 | D:4      | Reached XP level 7. HP: 56/56 MP: 7/7
  2786 | D:4      | Reached skill level 8 in Polearms
  2841 | D:4      | Reached *** piety under Trog
  2954 | D:4      | Noticed Sigmund
  2968 | D:4      | Killed Sigmund
  3193 | D:5      | Entered Level 5 of the Dungeon
  3233 | D:5      | Reached skill level 9 in Polearms
  3274 | D:5      | Reached XP level 8. HP: 64/64 MP: 8/8
  3298 | D:5      | Found a basalt altar of Yredelemnul.
  3534 | D:5      | Found Tayhuxzaem's Jewellery Emporium.
  3620 | D:5      | Reached skill level 10 in Polearms
  4055 | D:6      | Noticed a yak
  4061 | D:5      | Killed a yak
  4062 | D:5      | Reached skill level 11 in Polearms
  4343 | D:6      | Reached XP level 9. HP: 69/69 MP: 9/9
  4437 | D:6      | Found Vekod's Magic Scroll Shoppe.
  4496 | D:6      | Reached **** piety under Trog
  4642 | D:6      | Noticed a troll
  4647 | D:6      | Killed a troll
  4648 | D:6      | Reached skill level 12 in Polearms
  4684 | D:6      | Noticed a troll
  4690 | D:6      | Killed a troll
  4954 | D:6      | Reached skill level 1 in Throwing
  5114 | D:7      | Reached skill level 13 in Polearms
  5511 | D:7      | Noticed Dowan
  5518 | D:7      | Noticed Duvessa
  5522 | D:7      | Killed Dowan
  5531 | D:7      | Killed Duvessa
  5693 | D:7      | Reached XP level 10. HP: 76/76 MP: 10/10
  5772 | D:7      | Reached skill level 14 in Polearms
  6104 | D:5      | Bought a ring of poison resistance for 220 gold pieces
  6289 | D:8      | Reached skill level 5 in Armour
  6320 | D:8      | Reached ***** piety under Trog
  6379 | D:8      | Identified the +3 whip "Wuheucue" {flame, rPois rN++ Int-2}
  6486 | D:8      | Noticed Maggie
  6494 | D:8      | Killed Maggie
  6587 | D:8      | Reached skill level 15 in Polearms
  7081 | D:9      | Found Leerooli's Jewellery Shop.
  7284 | D:9      | Found a staircase to the Orcish Mines.
  7349 | D:9      | Reached skill level 5 in Throwing
  7438 | D:9      | Found a glowing silver altar of Zin.
  7482 | D:9      | Found a burning altar of Makhleb.
  7484 | D:9      | Found an ornate altar of the Wu Jian Council.
  7764 | D:9      | Found a sacrificial altar of Ru.
  8072 | D:10     | Entered Level 10 of the Dungeon
  8092 | D:10     | Noticed Lodul
  8096 | D:10     | Reached XP level 11. HP: 81/81 MP: 11/11
  8101 | D:10     | Killed Lodul
  8102 | D:10     | Reached skill level 16 in Polearms
  8113 | D:10     | Found a sparkling altar of Nemelex Xobeh.
  8161 | D:10     | Found a flagged portal.
  8179 | Bailey   | Entered a bailey
  8591 | Bailey   | Noticed an orc knight
  8853 | Bailey   | Received a gift from Trog
  8945 | Bailey   | Found an iron altar of Okawaru.
  8947 | Bailey   | Noticed an orc knight
  8981 | Bailey   | Killed an orc knight
  9188 | Bailey   | Killed an orc knight
  9350 | Bailey   | Acquired a manual of Dodging
  9408 | D:10     | Found a staircase to the Lair.
  9421 | D:10     | Found Kulav's Distillery.
  9450 | D:10     | Reached skill level 17 in Polearms
  9546 | D:10     | Found a blossoming altar of Fedhas.
  9562 | D:10     | Noticed a skeletal warrior
  9563 | D:10     | Noticed a skeletal warrior
  9564 | D:10     | Noticed a skeletal warrior
  9574 | D:10     | Killed a skeletal warrior
  9583 | D:10     | Killed a skeletal warrior
  9868 | D:10     | Noticed a skeletal warrior
  9888 | D:10     | Killed a skeletal warrior
  9889 | D:10     | Reached XP level 12. HP: 92/94 MP: 12/12
 10067 | D:10     | Noticed Psyche
 10085 | D:10     | Killed Psyche
 10346 | D:3      | Bought a runed plate armour for 442 gold pieces
 10522 | Lair:1   | Entered Level 1 of the Lair of Beasts
 10648 | Lair:1   | Noticed a boulder beetle
 10654 | Lair:1   | Killed a boulder beetle
 10980 | Lair:1   | Reached skill level 10 in Fighting
 11359 | Lair:1   | Received a gift from Trog
 11360 | Lair:1   | Reached skill level 18 in Polearms
 11870 | Lair:2   | Found a staircase to the Shoals.
 12621 | Lair:3   | Noticed a boulder beetle
 12630 | Lair:3   | Killed a boulder beetle
 12783 | Lair:3   | Noticed a seven-headed hydra
 12790 | Lair:3   | Killed a two-headed hydra
 12791 | Lair:3   | Reached XP level 13. HP: 81/106 MP: 13/13
 13094 | Lair:3   | Reached skill level 10 in Dodging
 13282 | Lair:3   | Noticed olddryhag's ghost (journeyman DsGl)
 13284 | Lair:3   | Noticed an ice dragon
 13566 | Lair:3   | Found a runed translucent gate.
 13567 | Lair:3   | Found a runed translucent gate.
 13570 | Lair:3   | Found a runed translucent gate.
 13582 | Lair:3   | Found a hole to the Spider Nest.
 14011 | Lair:4   | Reached skill level 1 in Evocations
 14275 | Lair:4   | Reached skill level 10 in Throwing
 14283 | Lair:4   | Reached skill level 5 in Evocations
 14385 | Lair:4   | Found a runed translucent gate.
 14385 | Lair:4   | Found a runed translucent gate.
 14385 | Lair:4   | Found a runed translucent gate.
 14387 | Lair:4   | Noticed Diamem's ghost (adept GnHW)
 14415 | Lair:4   | Found a bloodstained altar of Trog.
 14951 | Lair:4   | Noticed Kirke
 14976 | Lair:4   | Killed Kirke
 14977 | Lair:4   | Reached XP level 14. HP: 72/115 MP: 14/14
 15353 | Lair:4   | Killed Diamem's ghost
 15644 | Lair:3   | Killed olddryhag's ghost
 15751 | Lair:5   | Entered Level 5 of the Lair of Beasts
 15751 | Lair:5   | Noticed Nessos
 15752 | Lair:5   | Nessos changed into Nessos the queen bee
 15752 | Lair:5   | Noticed Nessos
 15754 | Lair:5   | Killed Nessos the queen bee
 16145 | Lair:5   | Received a gift from Trog
 16263 | Lair:5   | Identified the ring of Qoguso Piyj {Wiz rN+ Int+2 Slay+2}
 16689 | Lair:5   | Found a staircase to the Slime Pits.
 16690 | Lair:5   | Found a viscous altar of Jiyva.
 17277 | Lair:5   | Found a runed translucent door.
 18028 | D:11     | Found a gate leading to a gauntlet.
 18049 | D:11     | Noticed Josephine
 18055 | D:11     | Killed Josephine
 18064 | Gauntlet | Entered a Gauntlet
 18064 | Gauntlet | Found a transporter.
 18064 | Gauntlet | Found a transporter.
 18064 | Gauntlet | Found a transporter.
 18065 | Gauntlet | Found a transporter.
 18068 | Gauntlet | Found a transporter.
 18078 | Gauntlet | Found a transporter.
 18078 | Gauntlet | Found the +5 Lochaber axe {reach-cleave, Poleaxe Drain}
 18145 | Gauntlet | Found a transporter.
 18155 | Gauntlet | Found a transporter.
 18170 | Gauntlet | Found a transporter.
 18180 | Gauntlet | Found a transporter.
 18195 | Gauntlet | Found a transporter.
 18201 | Gauntlet | Found a transporter.
 18283 | Gauntlet | Reached skill level 15 in Dodging
 18318 | Gauntlet | Reached XP level 15. HP: 125/125 MP: 15/15
 18384 | Gauntlet | Identified the +3 morningstar of Nanak {flame, rCorr Str+3
                  | Dex+2}
 18601 | D:11     | Noticed Fannar
 18618 | D:11     | Killed Fannar
 18872 | D:11     | Noticed Nergalle
 18879 | D:11     | Killed Nergalle
 19683 | D:12     | Reached skill level 19 in Polearms
 19870 | D:12     | Noticed Erolcha
 19875 | D:12     | Killed Erolcha
 20341 | D:13     | Found a gate to the Vaults.
 20355 | D:13     | Received a gift from Trog
 20678 | D:13     | Found Mouzyf's Distillery.
 20684 | D:13     | Bought a potion of berserk rage for 50 gold pieces
 20687 | D:13     | Found Ulemmura's Armour Boutique.
 20793 | D:13     | Found Taow's Assorted Antiques.
 20814 | D:13     | Bought a smoking ivory ring for 180 gold pieces
 20814 | D:13     | Identified the ring of Tioqi {rF+ Dex+2} (You bought it in
                  | a shop on level 13 of the Dungeon)
 21257 | D:13     | Found Volit's Antique Weapon Boutique.
 21840 | D:14     | Reached skill level 20 in Polearms
 22396 | D:14     | Found Geirasit's Weapon Shop.
 22419 | D:14     | Bought 2 datura-tipped darts for 21 gold pieces
 22635 | D:14     | Found a sparkling altar of Nemelex Xobeh.
 22761 | D:15     | Entered Level 15 of the Dungeon
 23019 | D:15     | Received a gift from Trog
 23548 | D:15     | Reached skill level 21 in Polearms
 23823 | D:15     | Found a staircase to the Depths.
 24202 | Orc:1    | Entered Level 1 of the Orcish Mines
 24299 | Orc:1    | Reached XP level 16. HP: 126/132 MP: 16/16
 24366 | Orc:2    | Entered Level 2 of the Orcish Mines
 24367 | Orc:2    | Found a staircase to the Elven Halls.
 24559 | Orc:2    | Received a gift from Trog
 24920 | Orc:2    | Found Gilobusk's Jewellery Shop.
 24920 | Orc:2    | Found Quiwn's General Store.
 24927 | Orc:2    | Found Jeahuuchy's Magic Scroll Shoppe.
 24927 | Orc:2    | Found Hiygrat's Antique Armour Shop.
 24934 | Orc:2    | Reached skill level 22 in Polearms
 25005 | Orc:2    | Bought a glowing scarf for 216 gold pieces
 25053 | Orc:2    | Found Fyiddiah's Magic Scroll Shop.
 25271 | Orc:2    | Identified the +1 hat "Otinkeri" {Str+3}
 25486 | Orc:1    | Noticed NinjaNoafa's ghost (journeyman FeSu)
 25487 | Orc:1    | Found a transporter.
 25489 | Orc:1    | Identified the +2 great mace of Gekloh {freeze, Dex+4}
 25489 | Orc:1    | Identified the +9 great mace of Sylaf {drain, Dex+4}
 25490 | Orc:1    | Found a transporter.
 25760 | Orc:1    | Killed NinjaNoafa's ghost
 25878 | Orc:2    | Bought a scroll of acquirement for 728 gold pieces
 25878 | Orc:2    | Acquired 678 gold pieces
 26024 | Spider:1 | Entered Level 1 of the Spider Nest
 26076 | Spider:1 | Noticed Donald
 26081 | Spider:1 | Identified the +3 halberd of the Hills {heavy, Fly rElec
                  | rF+ rN+} (Trog gifted it to you on level 1 of the Spider
                  | Nest)
 26081 | Spider:1 | Received a gift from Trog
 26084 | Spider:1 | Reached skill level 15 in Throwing
 26090 | Spider:1 | Killed Donald
 26319 | Spider:1 | Identified the +1 flail of Atwexe {venom, rElec rPois
                  | Dex-3}
 26334 | Spider:1 | Reached skill level 23 in Polearms
 27702 | Spider:1 | Reached XP level 17. HP: 35/139 MP: 0/17
 29255 | Spider:2 | Reached ****** piety under Trog
 29301 | Spider:2 | Reached skill level 24 in Polearms
 29448 | Spider:2 | Received a gift from Trog
 30897 | Spider:4 | Entered Level 4 of the Spider Nest
 31101 | Spider:4 | Received a gift from Trog
 31283 | Spider:4 | Reached skill level 25 in Polearms
 31871 | Spider:4 | Reached XP level 18. HP: 120/146 MP: 16/18
 32153 | Spider:4 | Identified the +11 glaive of Dullness {flame, rPois rF-
                  | rCorr Int-4} (Trog gifted it to you on level 4 of the
                  | Spider Nest)
 32153 | Spider:4 | Received a gift from Trog
 32347 | Spider:4 | Got a gossamer rune of Zot
 32855 | Shoals:1 | Entered Level 1 of the Shoals
 32858 | Shoals:1 | Identified the +3 chain mail of the Sunfish {rC- rN+ Int+2}
 32976 | D:13     | Bought a scroll of acquirement for 1872 gold pieces
 32977 | D:13     | Acquired 287 gold pieces
 33523 | Shoals:1 | Found Uciozes's Mayhem Merchandise.
 33752 | Shoals:1 | Noticed Frances
 33764 | Shoals:1 | Killed Frances
 33869 | Shoals:1 | Reached skill level 26 in Polearms
 35202 | Shoals:2 | Found a runed translucent door.
 35448 | Shoals:2 | Noticed Foxy's ghost (adept KoBr)
 36233 | Shoals:3 | Received a gift from Trog
 36671 | Shoals:3 | Identified the +3 robe of Nyleloir {Dex+3 Archmagi}
 37422 | Shoals:3 | Found a glowing golden altar of the Shining One.
 37823 | Shoals:3 | Received a gift from Trog
 38137 | Shoals:4 | Entered Level 4 of the Shoals
 38137 | Shoals:4 | Found a stormy altar of Qazlal.
 38546 | Shoals:4 | Reached XP level 19. HP: 153/153 MP: 2/19
 38721 | Shoals:4 | Paralysed by an air elemental for 1 turns
 38915 | Shoals:4 | Got a barnacled rune of Zot
 39267 | Shoals:4 | Reached skill level 15 in Fighting
 39541 | Shoals:4 | Received a gift from Trog
 40290 | Vaults:1 | Entered Level 1 of the Vaults
 40325 | Vaults:1 | Noticed Aizul
 40339 | Vaults:1 | Killed Aizul
 40505 | Vaults:1 | Reached skill level 10 in Armour
 40579 | Vaults:1 | Received a gift from Trog
 41286 | Vaults:1 | Received a gift from Trog
 41392 | Vaults:1 | You are sucked into a shaft and drop 1 floor!
 41462 | Vaults:2 | Identified the +7 great mace "Topsy" {heavy, rPois rN+}
 42466 | Vaults:1 | Reached XP level 20. HP: 166/166 MP: 14/20
 42929 | Vaults:1 | Received a gift from Trog
 43380 | Vaults:2 | Noticed Bai Suzhen
 43396 | Vaults:2 | Killed Bai Suzhen
 43508 | Vaults:2 | Found Jafe's Book Emporium.
 44677 | Vaults:2 | Noticed Saint Roka
 44688 | Vaults:2 | Killed Saint Roka
 45478 | Vaults:3 | Received a gift from Trog
 46207 | Vaults:3 | Found a staircase to the Crypt.
 46937 | Vaults:3 | Received a gift from Trog
 48217 | Vaults:4 | Reached XP level 21. HP: 178/178 MP: 0/21
 48884 | Vaults:4 | Received a gift from Trog
 49448 | Vaults:4 | Found Gixt's Jewellery Boutique.
 49457 | Vaults:4 | Bought the ring of the Wicked Sultana {rElec rCorr MP+9
                  | EV+5 Str-2} for 1124 gold pieces
 49540 | Vaults:4 | Found Uluapity's Weapon Boutique.
 49549 | Vaults:4 | Bought 5 datura-tipped darts for 81 gold pieces
 49924 | Vaults:4 | Reached skill level 1 in Stealth
 49963 | Vaults:4 | Found Exoawig's Distillery.
 50087 | Vaults:4 | Found Jyiblucro's Armour Shop.
 50211 | Vaults:4 | Found Pageos's Magic Scroll Shoppe.
 50556 | Elf:1    | Entered Level 1 of the Elven Halls
 50665 | Elf:1    | Found Jugygrei's Armour Emporium.
 50719 | Elf:1    | Found Poqaczye's Assorted Antiques.
 50955 | Elf:1    | Received a gift from Trog
 51237 | Elf:1    | Found Plog's Weapon Emporium.
 51607 | Elf:1    | Found a portal to a secret trove of treasure.
 51785 | Elf:2    | Noticed Azrael
 51796 | Elf:2    | Killed Azrael
 51911 | Elf:2    | Found a runed translucent gate.
 51912 | Elf:2    | Found a runed translucent gate.
 51913 | Elf:2    | Found a runed translucent gate.
 51916 | Elf:2    | Noticed jejorda2's ghost (adept MfBe)
 51936 | Elf:2    | Found an iron altar of Okawaru.
 52075 | Elf:2    | Found a runed translucent gate.
 52075 | Elf:2    | Found a runed translucent gate.
 52075 | Elf:2    | Found a runed translucent gate.
 52244 | Elf:2    | Found a gateway to a bazaar.
 52332 | Elf:2    | Identified the +4 short sword "Lotilun" {freeze, *Noise
                  | rPois rF+++ Will+}
 52511 | Elf:2    | Received a gift from Trog
 53914 | Elf:2    | Reached XP level 22. HP: 187/188 MP: 6/22
 53927 | Elf:2    | Killed jejorda2's ghost
 53954 | Elf:2    | Identified the +1 helmet of Fuzzy Life {rElec rC- rN+++
                  | Int+3}
 54740 | Elf:3    | Entered Level 3 of the Elven Halls
 54755 | Elf:3    | Identified the +12 halberd of the Shoals {heavy, Dex+4}
                  | (Trog gifted it to you on level 3 of the Elven Halls)
 54755 | Elf:3    | Received a gift from Trog
 55030 | Elf:3    | Found Caer's General Store.
 55175 | Elf:3    | Paralysed by an air elemental for 1 turns
 55182 | Elf:3    | Noticed Asterion
 55201 | Elf:3    | Killed Asterion
 55552 | Abyss:3  | Cast into level 3 of the Abyss (a deep elf demonologist)
 55569 | Abyss:3  | Found a corrupted altar of Lugonu.
 55757 | Abyss:3  | Received a gift from Trog
 55869 | Elf:3    | Escaped the Abyss
 56321 | Elf:3    | Identified the +4 whip of Dyteinyxy {flame, rPois rF- rCorr
                  | Dex+6}
 56333 | Elf:3    | Identified the +7 glaive "Blob" {elec, rF+}
 56338 | Elf:3    | Identified the +1 short sword of the Magi {drain, Drain
                  | Will+ SInv}
 56353 | Elf:3    | Received a gift from Trog
 56364 | Elf:3    | Gained mutation: You occasionally lose the ability to read
                  | scrolls when taking damage. [a cacodemon]
 56370 | Elf:3    | Gained mutation: You sometimes lose the ability to read
                  | scrolls when taking damage. [a cacodemon]
 56562 | Elf:2    | Lost mutation: You sometimes lose the ability to read
                  | scrolls when taking damage. [potion of mutation]
 56562 | Elf:2    | Lost mutation: You occasionally lose the ability to read
                  | scrolls when taking damage. [potion of mutation]
 56562 | Elf:2    | Gained mutation: You sometimes lose your temper in combat.
                  | [potion of mutation]
 56562 | Elf:2    | Gained mutation: You are partially covered in iridescent
                  | scales. (AC +2) [potion of mutation]
 56562 | Elf:2    | Gained mutation: You are resistant to electric shocks.
                  | (rElec) [potion of mutation]
 56563 | Elf:2    | Lost mutation: You sometimes lose your temper in combat.
                  | [potion of mutation]
 56563 | Elf:2    | Lost mutation: You are partially covered in iridescent
                  | scales. (AC +2) [potion of mutation]
 56563 | Elf:2    | Lost mutation: You are resistant to electric shocks.
                  | (rElec) [potion of mutation]
 56563 | Elf:2    | Gained mutation: Your muscles are strong. (Str +4, Int/Dex
                  | -1) [potion of mutation]
 56563 | Elf:2    | Gained mutation: You have hidden genetic potential. [potion
                  | of mutation]
 56563 | Elf:2    | Gained mutation: You are robust. (+10% HP) [potion of
                  | mutation]
 56563 | Elf:2    | Gained mutation: You passively map a small area around you.
                  | [potion of mutation]
 56901 | Elf:3    | Identified the +1 pair of boots "Bepsumiv" {rF+}
 56932 | Abyss:3  | Cast into level 3 of the Abyss (a deep elf demonologist)
 56943 | Elf:3    | Escaped the Abyss
 56972 | Elf:3    | Identified the ring of Lopoo {Will+ Slay+3}
 57178 | Elf:3    | Identified the +4 great mace "Edonam" {spect, Will++ Str+2}
 57282 | Elf:3    | Identified the +7 shortbow "Buag" {freeze, rF+ Dex+2}
 57598 | D:4      | Bought the ring "Icluitabi" {rN+ Slay+2} for 389 gold
                  | pieces
 57819 | Slime:1  | Entered Level 1 of the Pits of Slime
 58089 | Slime:4  | Reached skill level 15 in Armour
 58093 | Slime:4  | Reached XP level 23. HP: 201/217 MP: 23/23
 58179 | Slime:5  | Entered Level 5 of the Pits of Slime
 58200 | Slime:4  | Received a gift from Trog
 58243 | Slime:4  | Lost mutation: You passively map a small area around you.
                  | [a shining eye]
 58448 | Slime:5  | Noticed the Royal Jelly
 58464 | Slime:5  | Killed the Royal Jelly
 58698 | Slime:5  | Gained mutation: You occasionally lose the ability to drink
                  | potions when taking damage. [a shining eye]
 59000 | Slime:5  | Identified the +1 leather armour "Itamm" {Dex+3}
 59023 | Slime:5  | Identified the +3 short sword of Expedience {flame, rElec
                  | rC+ rN+ rCorr}
 59031 | Slime:5  | Identified the +0 demon whip of Charity {venom, rPois SInv}
 59032 | Slime:5  | Identified the amulet of Makhleb's Reproof {Acrobat rPois
                  | Int+4 Stlth+}
 59054 | Slime:5  | Identified the ring of the Garden {Ice Contam Will+ rCorr}
 59072 | Slime:5  | Identified the ring of No Interval {*Corrode rF+ rC++ Int+4
                  | Dex+6}
 59098 | Slime:5  | Got a slimy rune of Zot
 59555 | Elf:1    | You showed the slimy rune of Zot to enter a treasure trove
 59556 | Trove    | Entered a treasure trove
 59610 | Trove    | Identified the amulet "Moicit" {Faith rPois SInv}
 59622 | Trove    | Identified the amulet "Usit" {Reflect -Tele rElec Dex+4
                  | SH+5}
 59624 | Trove    | Identified the amulet of the Burning Guava {rN+ Regen+
                  | Slay+3}
 60006 | Depths:1 | Entered Level 1 of the Depths
 60300 | Depths:1 | Identified the amulet "Zoorghepn" {Spirit rC+}
 61250 | Depths:1 | Found a one-way gate to the infinite horrors of the Abyss.
 61615 | Depths:1 | Found a gateway to Hell.
 61887 | Depths:1 | Found a sacrificial altar of Ru.
 62170 | Depths:2 | Gained mutation: Your spells are a little harder to cast,
                  | but a little more powerful. [hidden potential]
 62287 | Depths:2 | Lost mutation: You have hidden genetic potential. [potion
                  | of mutation]
 62287 | Depths:2 | Lost mutation: Your muscles are strong. (Str +4, Int/Dex
                  | -1) [potion of mutation]
 62287 | Depths:2 | Lost mutation: You are robust. (+10% HP) [potion of
                  | mutation]
 62287 | Depths:2 | Gained mutation: Your body sometimes deteriorates upon
                  | taking damage. [potion of mutation]
 62288 | Depths:2 | Lost mutation: Your spells are a little harder to cast, but
                  | a little more powerful. [potion of mutation]
 62288 | Depths:2 | Lost mutation: You occasionally lose the ability to drink
                  | potions when taking damage. [potion of mutation]
 62288 | Depths:2 | Lost mutation: Your body sometimes deteriorates upon taking
                  | damage. [potion of mutation]
 62288 | Depths:2 | Gained mutation: You have a pair of small antennae on your
                  | head. [potion of mutation]
 62288 | Depths:2 | Gained mutation: You are partially covered in iridescent
                  | scales. (AC +2) [potion of mutation]
 62775 | Depths:2 | Identified the +9 rapier of Guilt {venom, *Noise Will+
                  | rCorr}
 63408 | Depths:2 | Identified the +1 plate armour of the Rose {Slay+5}
 63722 | Depths:2 | Reached XP level 24. HP: 205/208 MP: 17/23
 64108 | Depths:2 | Found a one-way gate leading to the halls of Pandemonium.
 64816 | Vaults:5 | Entered Level 5 of the Vaults
 64825 | Vaults:5 | Received a gift from Trog
 64866 | Vaults:5 | HP: 10/208 [titan (33)]
 65199 | Vaults:5 | Noticed Mennas
 65217 | Vaults:5 | Killed Mennas
 65620 | Vaults:5 | Identified the +12 crystal plate armour of Focus {rF+ rCorr
                  | SInv}
 65918 | Vaults:5 | Received a gift from Trog
 66096 | Vaults:5 | Identified the ring "Wouraots" {Ice Dex+4}
 66118 | Vaults:5 | Identified the +5 buckler of a treasure trove {Will+}
 66127 | Vaults:5 | Got a silver rune of Zot
 66450 | Vaults:5 | Noticed Xtahua
 66457 | Vaults:5 | Killed Xtahua
 66636 | Vaults:5 | Found Moufen's Distillery.
 66681 | Abyss:3  | Cast into level 3 of the Abyss (a deep elf sorcerer)
 67019 | Abyss:3  | Reached XP level 25. HP: 83/216 MP: 0/23
 67024 | Vaults:5 | Escaped the Abyss
 67026 | Vaults:5 | Noticed Boris
 67041 | Vaults:5 | Killed from afar by Boris

Illustrated notes

Levels and vault maps discovered:
D:1:      evilmike_arrival_crescent, layout_rooms
D:2:      layout_rooms, nicolae_ecumenical_oubliette, uniq_jessica
D:3:      layout_basic, overflow_temple_1_default, serial_shops,
          nicolae_shop_trees, minmay_misc_feat_doors
D:4:      layout_basic, lemuel_crystal_altar, minmay_temple_entry_water_ring,
          nicolae_shop_unique_rings, minmay_unequal, uniq_sigmund
D:5:      layout_loops_ring, nicolae_yredelemnul_corpse_copse, minivault_27,
          nicolae_inconvenience_store
D:6:      layout_loops_cross, serial_shops, shop_fountains,
          minmay_misc_feat_roman, kb_rosetta
D:7:      layout_loops_cross, eino_tiny_chamber, minmay_liquid_box, uniq_duvessa
D:8:      layout_loops_cross, uniq_maggie
D:9:      layout_cave_pools, nicolae_overflow_hidden_temple,
          mainiacjoe_overflow_alcove_1, orc_0_dummy, serial_shops,
          kennysheep_mini_moat, serial_bayou_pond_a, hangedman_decor_opposing
D:10:     layout_roguey, mainiacjoe_overflow_small_starburst,
          fedhas_ov_isle_minmay, lair_entry_dummy, serial_shops, shop,
          enter_bailey_8, uniq_lodul, uniq_psyche
D:11:     layout_basic, gauntlet_entry_generic, tgw_xom, uniq_fannar,
          uniq_josephine, uniq_nergalle
D:12:     layout_irregular_city, minmay_door_square, uniq_erolcha
D:13:     layout_layer_cave, erik_vaults_2, serial_shops,
          nicolae_take_the_stairs, nicolae_stop_n_shop_1, shop_statue, shop
D:14:     layout_roguey, serial_shops, nicolae_shop_stone,
          nemelex_lonely_heart_becter, lightli_corner_chamber
D:15:     grunt_enter_depths_magical_seal, layout_rooms,
          hangedman_decor_slide_cut, chequers_serial_rivers_room_b,
          minmay_misc_feat_rows, patterned_corridor
Lair:1:   layout_cave_pods, serial_bayou_pond_b, grunt_megastairs_2,
          lemuel_fruit_fields, serial_bayou_shore_a
Lair:2:   layout_chaotic_city, shoals_dummy_entry, hangedman_lair_unloving_vines
Lair:3:   cheibrodos_lair_river_kwai, layout_regular_city,
          spider_nest_entry_web_field, serial_bayou, serial_bayou_shore_b,
          serial_bayou_pond_b, serial_bayou_pond_c, serial_bayou_pond_c,
          gammafunk_ghost_icy, eino_small_chamber_without_monster
Lair:4:   layout_small_grid, basic_altar, gammafunk_ghost_necromancy,
          pdpol_lair_cavern_descent, uniq_kirke
Lair:5:   guppyfry_lair_end_dragon, layout_cave_pods, wormcave, slime_entry_1,
          grunt_forest_stairs_basic, uniq_nessos
Shoals:1: layout_shoals, minmay_shop_mayhem, uniq_frances
Shoals:2: nzn_motion_control, layout_shoals, ebering_ghost_inner_flame,
          nicolae_shoals_lost_giant_hut, nicolae_shoals_kraken_intersection
Shoals:3: layout_shoals, lemuel_oklob_altar
Shoals:4: shoals_end_hellmonk_storm_palace [storm_palace_center_ruins,
          storm_palace_corner_grid, storm_palace_corner_altar,
          storm_palace_corner_reverse_hut, storm_palace_corner_pillars]
Spider:1: layout_chambers, nicolae_spider_claw_tunnel, uniq_donald
Spider:2: layout_spider_delve
Spider:3: layout_spider_delve, nicolae_crawler_farm
Spider:4: spider_rune_water, drop_trap
Slime:1:  layout_caves, nicolae_slime_getting_an_eyeful
Slime:2:  layout_caves
Slime:3:  layout_caves
Slime:4:  layout_caves, cheibrodos_slime_lost_civilization_7
Slime:5
Orc:1:    layout_caves, basic_altar, gammafunk_ghost_smash
Orc:2:    st_orc_ogre_mass, layout_diamond_mine, serial_shops, shop,
          hangedman_minor_magic
Elf:1:    eino_elf_arrival_the_gate, layout_geoelf_octagon, serial_shops,
          shop_coins, shop, nicolae_diamond_shop, enter_trove_5,
          kennysheep_underground_church
Elf:2:    elven_hall_of_blades_hangedman_original
          [nicolae_blade_entry_floor_patterns], layout_gridlike,
          gammafunk_ghost_fury_of_okawaru, serial_shops, freezing_bzr,
          billiards_dpeg, uniq_azrael
Elf:3:    elf_hall_gauntlet_narrow, layout_rooms, serial_shops, shop,
          uniq_asterion
Vaults:1: nicolae_vaults_border_crossing, nicolae_vaults_alarming,
          vaults_room_glass_cross, nicolae_vaults_little_squares_2,
          nicolae_vaults_ring_of_whatevers, ontoclasm_vaults_decontamination,
          v_rooms_2, v_misc_13, vaults_mumra_chevron_long,
          ontoclasm_vaults_shuriken, vaults_room_fours, v_misc_27,
          nicolae_vaults_specimen_jars, layout_vaults_omnicross, uniq_aizul
Vaults:2: nicolae_vaults_circle_grid_a, grunt_vaults_hallway_long,
          nicolae_vaults_circle_grid_a, v_pattern_3, hangedman_vaults_maws,
          nicolae_vaults_little_squares_2, vaults_dpeg_encased_lava,
          ontoclasm_vaults_gateway, grunt_vaults_diagonal,
          ontoclasm_vaults_twist, layout_vaults_omnigrid, serial_shops, shop,
          uniq_saint_roka, uniq_bai_suzhen
Vaults:3: vaults_mumra_chevron, nicolae_vaults_twisting_passages,
          nicolae_vaults_stairing_the_circle, v_misc_11,
          nicolae_vaults_circle_grid_b, vaults_room_stairs_pillars,
          vaults_mumra_lcd, ontoclasm_vaults_hangar, v_misc_22, v_misc_23,
          v_alt_pattern_4, layout_vaults_chaotic_city, dummy_crypt_entry
Vaults:4: v_misc_26, nicolae_vaults_three_branches, vaults_room_semicircle,
          nicolae_vaults_yaktaur_gun_rack, grunt_vaults_hallway_long,
          v_pattern_5, nicolae_vaults_rhombus_5, vaults_dpeg_hooks, v_rooms_5,
          v_misc_4, nicolae_vaults_little_squares_6, layout_vaults_maze_bifur,
          serial_shops, nicolae_shop_trees, nicolae_lakefront_shop,
          nicolae_shop_window_shopping, nicolae_lakefront_shop,
          nicolae_shop_hallway_plus
Vaults:5: serial_shops, uniq_margery, uniq_boris, uniq_mennas, uniq_xtahua
Depths:1: layout_honeycomb, nicolae_titane, abyss_entry_crystal,
          grunt_hell_entry_dis_mu, minmay_crystal_water, minmay_misc_feat_tower,
          hangedman_abyss_or_decor_lesser_grid, nicolae_ru_path_of_blood
Depths:2: grunt_arcs, layout_gridville, abyss_entry, hell_entry, pan_entry,
          nrook_uturn

Skill      XL: |  1  2  3  4  5  6  7  8  9 10 11 12 13 14 15 16 17 18 19 20 21 22 23 24 |
---------------+-------------------------------------------------------------------------+-----
Dodging        | 3 4 5 6 9 10 15 16 17 19 20 21 22 23 24 25 | 25.6
Polearms       | 5 6 7 9 11 13 15 17 18 21 23 25 26 | 26.5
Fighting       | 4 5 6 8 11 12 13 14 16 18 19 20 21 | 21.8
Armour         | 3 4 5 6 8 9 10 11 13 15 16 17 | 17.2
Throwing       | 2 5 7 9 11 12 14 15 16 18 | 18.9
Evocations     | 6 8 9 |  9.0
Stealth        | 4 |  4.0

Action                   |  1- 3 |  4- 6 |  7- 9 | 10-12 | 13-15 | 16-18 | 19-21 | 22-24 | 25-27 || total
-------------------------+-------+-------+-------+-------+-------+-------+-------+-------+-------++-------
Melee: Spear             |    66 |   149 |       |       |       |       |       |       |       ||   215
       Punch             |       |     2 |     1 |       |       |       |       |       |       ||     3
       Trident           |       |    37 |    60 |       |       |       |       |       |       ||    97
       Halberd           |       |       |   166 |   519 |   511 |       |       |       |       ||  1196
       Tailslap          |       |       |       |    15 |     4 |     1 |       |     2 |       ||    22
       Unarmed           |       |       |       |       |    20 |       |       |       |       ||    20
       Lochaber axe      |       |       |       |       |   311 |  1036 |  1056 |  1387 |    18 ||  3808
Throw: Stone             |       |     8 |    11 |    52 |       |       |       |       |       ||    71
       Dart              |       |       |     2 |    34 |     4 |    37 |    22 |     3 |       ||   102
       Javelin           |       |       |       |     4 |       |     3 |    20 |    21 |       ||    48
       Boomerang         |       |       |       |     5 |    34 |   228 |    19 |    87 |       ||   373
Invok: Berserk           |     3 |     2 |     4 |     8 |    13 |    19 |    10 |     5 |       ||    64
       Trog's Hand       |       |     1 |     1 |     5 |    16 |    15 |     7 |    21 |       ||    66
       Brothers in Arms  |       |       |       |     1 |     3 |     3 |     1 |     2 |     1 ||    11
Evoke: Wand              |       |       |     1 |     2 |     1 |     1 |       |     1 |       ||     6
       Tin of tremorston |       |       |       |       |       |     4 |       |       |       ||     4
       Condenser vane    |       |       |       |       |       |       |       |     1 |       ||     1
  Use: Scroll            |       |       |    20 |    11 |     7 |     7 |     4 |    11 |       ||    60
       Potion            |       |       |       |       |       |     3 |     2 |    14 |       ||    19
 Stab: Sleeping          |     1 |       |       |       |       |       |       |       |       ||     1
       Distracted        |       |       |       |       |     1 |     2 |       |     2 |       ||     5
       Petrified         |       |       |       |       |       |     3 |       |       |       ||     3
Armor: Chain mail        |    21 |    52 |       |       |       |       |       |       |       ||    73
       Plate armour      |       |    11 |   126 |   195 |   573 |   639 |   396 |   185 |       ||  2125
       Crystal plate arm |       |       |       |       |       |       |       |   330 |    14 ||   344
Dodge: Dodged            |    19 |    56 |    55 |   110 |   397 |   411 |   436 |   673 |    12 ||  2169

Table legend: (Time is in decaauts)
 A = Elapsed time spent in this place.
 B = Non-inter-level travel time spent in this place.
 C = Inter-level travel time spent in this place.
 D = Time resting spent in this place.
 E = Time spent auto-exploring this place.
 F = Levels seen in this place.
 G = Mean time per level.
                   A        B        C        D        E       F      G
               +--------+--------+--------+--------+--------+-----+--------+
         Total |  65723 |  58535 |   7188 |   9552 |  38377 |  51 | 1288.7 |
       Dungeon |  17237 |  14029 |   3208 |   1621 |  10072 |  15 | 1149.1 |
          Lair |   8022 |   7008 |   1014 |    798 |   4897 |   5 | 1604.4 |
        Shoals |   6251 |   5813 |    438 |   1040 |   3870 |   4 | 1562.8 |
   Spider Nest |   6988 |   6383 |    605 |   1590 |   3684 |   4 | 1747.0 |
    Slime Pits |   1317 |   1254 |     63 |    791 |     64 |   5 |  263.4 |
  Orcish Mines |   1933 |   1528 |    405 |     70 |   1109 |   2 |  966.5 |
   Elven Halls |   5717 |   5205 |    512 |    904 |   3216 |   3 | 1905.7 |
        Vaults |  11838 |  11080 |    758 |   1692 |   7725 |   5 | 2367.6 |
        Depths |   4138 |   3957 |    181 |    280 |   3098 |   2 | 2069.0 |
         Abyss |    594 |    594 |      0 |    106 |    115 |   3 |  198.0 |
         Trove |    114 |    114 |      0 |      0 |     56 |   1 |  114.0 |
        Bailey |   1146 |   1146 |      0 |    595 |    262 |   1 | 1146.0 |
      Gauntlet |    423 |    423 |      0 |     61 |    205 |   1 |  423.0 |
               +--------+--------+--------+--------+--------+-----+--------+

Top non-repeatable levels by time:
Spider:1: 3033 daAuts
Vaults:2: 2716 daAuts
Vaults:4: 2533 daAuts
Vaults:1: 2430 daAuts
Vaults:3: 2372 daAuts
Depths:2: 2150 daAuts
   Elf:2: 2121 daAuts
  Lair:5: 2104 daAuts
   Elf:3: 2085 daAuts
Depths:1: 1987 daAuts
    D:13: 1861 daAuts
Shoals:4: 1834 daAuts
Shoals:2: 1794 daAuts
  Lair:4: 1788 daAuts
Vaults:5: 1785 daAuts
